 Dungeon Crawl Stone Soup version 0.32-a0-656-g3542139ebd (webtiles) character file.

Game seed: 17360551039082699665

46 ytrimaz the Ruffian (level 3, 0/27 HPs)
             Began as a Demigod Shapeshifter on Mar 8, 2024.
             Succumbed to a kobold's poison
             ... on level 3 of the Dungeon.
             The game lasted 00:02:08 (1670 turns).

ytrimaz the Ruffian (Demigod Shapeshifter)          Turns: 1670, Time: 00:02:08

Health: 0/27       AC:  5    Str: 19    XL:     3   Next: 27%
Magic:  5/5        EV: 12    Int: 10    God:
Gold:   184        SH:  0    Dex: 15    Spells: 2/2 levels left

rFire   . . .        n - +2 whip of Yfiamegaor {drain, rC+ rN+ Int-2 Dex+2}
rCold   + . .        (no shield)
rNeg    + . .        k - +1 leather armour {rPois}
rPois   +            (helmet currently unavailable)
rElec   .            (cloak currently unavailable)
rCorr   .            (gloves currently unavailable)
SInv    .            (boots currently unavailable)
Will    .....        (no amulet)
Stlth   ++           (no ring)
HPRegen 0.24/turn    (no ring)
MPRegen 0.09/turn

%: no passive effects
@: lethally poisoned (0 -> -17), beast-form, weak-willed
A: beast (slay +1), high MP 1, forlorn, divine attributes, horns 1, shaggy fur 1
a: Begin Untransformation


You were on level 3 of the Dungeon.
You were a hulking beast.
You visited 1 branch of the dungeon, and saw 3 of its levels.

You collected 184 gold pieces.


Innate Abilities, Weirdness & Mutations

You are a hulking beast.
Your limbs bulge with bestial killing power. (Slay +1)
You have an increased reservoir of magic. (+10% MP)
You shall have no god before yourself.
Your divine heritage dramatically boosts your attributes as you level up.
You have a pair of small horns on your head.
You are covered in fur. (AC +1)


   Skills:
 - Level 0.8 Fighting
 - Level 1.7 Dodging
 + Level 1.6 Stealth
 + Level 3.2 Unarmed Combat
 + Level 3.1 Shapeshifting


You had 2 spell levels left.
You didn't know any spells.
Your spell library was empty.

Inventory:

Hand Weapons
 n - the +2 whip of Yfiamegaor (weapon) {drain, rC+ rN+ Int-2 Dex+2}
   (You found it on level 2 of the Dungeon)

   Int-2:     It affects your intelligence (-2).
   Dex+2:     It affects your dexterity (+2).
   rC+:       It protects you from cold.
   rN+:       It protects you from negative energy.
Armour
 a - a +0 animal skin
 k - a +1 leather armour of poison resistance (worn)
   (You found it on level 2 of the Dungeon)
 u - a +0 cloak
   (You found it on level 3 of the Dungeon)
Jewellery
 v - a ring of ice
   (You found it on level 3 of the Dungeon)
Talismans
 c - a beast talisman (active)
 d - a flux talisman
Scrolls
 i - a scroll of poison
 p - a scroll of brand weapon
 t - a scroll of fog
Potions
 b - a potion of lignification
 f - a potion of might {unknown}
 g - a potion of mutation
 h - a potion of enlightenment {unknown}
 l - a potion of heal wounds {unknown}
 m - a potion of experience {unknown}
 r - 2 potions of invisibility {unknown}
 s - a potion of haste {unknown}
 w - a potion of attraction {unknown}

Dungeon Overview and Level Annotations

Branches:
Dungeon (3/15) Zot: 16329

********
#################......#
#############...........
#############.ß.....ß.#.
###########...........#.
###########.#.........#.
#######.....#.........#.
#######§#####.....>...#.
#######h#####...........
#######.#####.ß.....ß.†#
#.......#####.........##
#.......#####......####
#......K#####.######****
#.......#.....# *,,,
#.......#.##### *,,,
#.........#####******,,,
####............,,<,+,,,


You could see a kobold.


Message History

Unknown command. 😮 HP[-1]
You take 1 damage, and now have 15/27 hp.
You feel sick.
You are no longer poisoned. 😮 HP[-1]
You take 1 damage, and now have 14/27 hp.
You see here a jackal corpse.
A frilled lizard comes into view. 😎 HP[+13]
Your hp is fully restored (27).
A frilled lizard is nearby!
Unknown command.
A frilled lizard is nearby!
A frilled lizard is nearby!
The frilled lizard hisses angrily.
The frilled lizard bites you. 😕 HP[-2]
You take 2 damage, and now have 25/27 hp.
You hit the frilled lizard.
You kill the frilled lizard!
No target in view!
Unknown command.
v - a ring of ice 😎 HP[+2]
Your hp is fully restored (27).
w - a yellow potion
As you read the scroll labelled DURAEG MAGIM, it crumbles to dust.
A wave of despondency washes over your surroundings.
It was a scroll of vulnerability.
Unknown command.
The air fills with toxic fumes!
As you read the scroll labelled ERPHEI PATYTWOT, it crumbles to dust.
It was a scroll of poison.
As you read the scroll labelled YNUT OCI EHO, it crumbles to dust.
It is a scroll of enchant weapon.
You aren't carrying any weapons that can be enchanted.
As you read the scroll labelled ZOULUL QAVVYSCH, it crumbles to dust.
You feel aware of your surroundings.
You sensed 3 altars.
It was a scroll of revelation.
Unknown command.
As you read the scroll labelled LEGETS JEISTAT, it crumbles to dust.
It is a scroll of brand weapon.
You aren't carrying any weapons that can be branded.
As you read the scroll labelled GUASOEDDEMO, it crumbles to dust.
You hear a loud clanging noise!
It was a scroll of noise.
You hear a shout!
Unknown command.
As you read the scroll labelled ATYMUE GATAAXT, it dissolves into smoke.
It was a scroll of fog.
Unknown command.
You start waiting.
A kobold comes into view.
It is wielding a +0 club and quivering poisoned darts.
Unknown command.
Okay, then.
You start removing your armour.
You continue removing your +0 animal skin.
The kobold throws a poisoned dart.
The poisoned dart hits you!
You are poisoned.
You continue removing your +0 animal skin.
You feel sick.
You continue removing your +0 animal skin.
You feel sick.
The kobold throws a poisoned dart.
The poisoned dart barely misses you.
You continue removing your +0 animal skin.
You feel sick.
The kobold throws a poisoned dart.
The poisoned dart barely misses you.
You finish removing your +0 animal skin. 😕 HP[-3]
You take 3 damage, and now have 24/27 hp.
Unknown command.
You feel sick.
The kobold throws a poisoned dart.
The poisoned dart hits you!
You are more poisoned.
You start putting on your armour.
You continue putting on your +1 leather armour of poison resistance.
You feel very sick.
The kobold throws a poisoned dart.
The poisoned dart hits you!
You are lethally poisoned!
You continue putting on your +1 leather armour of poison resistance.
You feel very sick.
The kobold throws a poisoned dart.
The poisoned dart hits you!
You are more poisoned.
You continue putting on your +1 leather armour of poison resistance.
* * * LOW HITPOINT WARNING * * *
You feel extremely sick.
You continue putting on your +1 leather armour of poison resistance.
* * * LOW HITPOINT WARNING * * *
You feel very sick.
The kobold throws a poisoned dart.
The poisoned dart closely misses you.
You finish putting on your +1 leather armour of poison resistance.
You feel resistant to poison. 😱 HP[-20]
You take 20 damage, and now have 4/27 hp.
MASSIVE DAMAGE!! (PAUSE) It was a potion of mutation.
You feel extremely strange.
Iridescent scales grow over part of your body.
Your iridescent scales disappear.
Fur sprouts all over your body. A pair of horns grows on your head!
You die...

Skill      XL: |  1  2 |
---------------+-------+-----
Stealth        | 1 |  1.6
Unarmed Combat | 3 |  3.2
Shapeshifting  | 3 |  3.1
Fighting       | |  0.8
Dodging        | |  1.7

Action                     || total
---------------------------++-------
  Melee: Unarmed           ||    70
         Whip              ||    40
         Punch             ||     1
    Use: Scroll            ||     7
         Potion            ||     1
   Stab: Sleeping          ||     3
 Armour: Animal skin       ||    53
         Skin              ||    17
  Dodge: Dodged            ||   102
   Form: Beast             ||     1
         Flux              ||     1

Levels and vault maps discovered:
D:1:      spicycebolla_arrival_clurvy, layout_loops_ring
D:2:      layout_rooms, skrybe_limestone_x, hangedman_glass_teeth,
          minmay_split_cup_small
D:3:      layout_basic, mainiacjoe_overflow_cross_hatched,
          nicolae_overflow_ecumenical_swirl, grunt_ministairs_14, st_stairs_1

Notes
Turn   | Place    | Note
-------+----------+-------------------------------------------
     0 | D:1      | ytrimaz the Demigod Shapeshifter began the quest for the
                  | Orb.
     0 | D:1      | Reached XP level 1. HP: 15/15 MP: 3/3
     0 | D:1      | magus.rc [v1.9.6]
   167 | D:1      | Reached XP level 2. HP: 22/22 MP: 4/4
   355 | D:1      | Reached skill level 1 in Stealth
   355 | D:1      | Reached skill level 3 in Unarmed Combat
   765 | D:2      | HP: 3/13 [bat (1)]
   766 | D:2      | Reached skill level 3 in Shapeshifting
   771 | D:2      | HP: 2/13 [bat (1)]
   832 | D:2      | Identified the +2 whip of Yfiamegaor {drain, rC+ rN+ Int-2
                  | Dex+2}
  1521 | D:3      | Reached XP level 3. HP: 25/27 MP: 5/5
  1669 | D:3      | HP: 4/27 [poisoned by a kobold]
  1670 | D:3      | Gained mutation: You are partially covered in iridescent
                  | scales. (AC +2) [potion of mutation]
  1670 | D:3      | Lost mutation: You are partially covered in iridescent
                  | scales. (AC +2) [potion of mutation]
  1670 | D:3      | Gained mutation: You are covered in fur. (AC +1) [potion of
                  | mutation]
  1670 | D:3      | Gained mutation: You have a pair of small horns on your
                  | head. [potion of mutation]
  1670 | D:3      | Succumbed to a kobold's poison

Vanquished Creatures
  An adder (D:3)
  A dart slug (D:1)
  8 bats
  An endoplasm (D:3)
  5 goblins
  2 hobgoblins (D:1)
  3 jackals (D:3)
  2 ball pythons (D:1)
  5 frilled lizards
  6 kobolds
  4 rats
38 creatures vanquished.

Table legend:
 A = Non-vault XP
 B = Vault XP
 C = Vault XP percentage of total XP
 D = Non-vault monster count
 E = Vault monster count
 F = Vault count percentage of total count
                 A         B        C        D         E       F
            +---------+---------+-------+---------+---------+-------
      Total |      49 |      18 |  26.9 |      33 |       5 |  13.2
            +---------+---------+-------+---------+---------+-------
        D:1 |      24 |       0 |   0.0 |      15 |       0 |   0.0
        D:2 |      12 |       4 |  25.0 |      10 |       3 |  23.1
        D:3 |      13 |      14 |  51.9 |       8 |       2 |  20.0
            +---------+---------+-------+---------+---------+-------

Skill      XL: |  1  2 |
---------------+-------+-----
Stealth        | 1 |  1.6
Unarmed Combat | 3 |  3.2
Shapeshifting  | 3 |  3.1
Fighting       | |  0.8
Dodging        | |  1.7

Action                     || total
---------------------------++-------
  Melee: Unarmed           ||    70
         Whip              ||    40
         Punch             ||     1
    Use: Scroll            ||     7
         Potion            ||     1
   Stab: Sleeping          ||     3
 Armour: Animal skin       ||    53
         Skin              ||    17
  Dodge: Dodged            ||   102
   Form: Beast             ||     1
         Flux              ||     1

Illustrated notes

Table legend:
 A = Kills in this place as a percentage of kills in the entire game.
 B = Kills by you in this place as a percentage of kills by you in the entire game.
 C = Kills by friends in this place as a percentage of kills by friends in the entire game.
 D = Other kills in this place as a percentage of other kills in the entire game.
 E = Experience gained in this place as a percentage of experience gained in the entire game.
 F = Experience gained in this place divided by the number of levels of this place that you have seen.
                   A       B       C       D       E      F
               +-------+-------+-------+-------+-------+----------------------
         Total | 100.0 | 100.0 |   N/A |   N/A | 100.0 |  22.3
       Dungeon | 100.0 | 100.0 |   N/A |   N/A | 100.0 |  22.3
               +-------+-------+-------+-------+-------+----------------------

Table legend: (Time is in decaauts)
 A = Elapsed time spent in this place.
 B = Non-inter-level travel time spent in this place.
 C = Inter-level travel time spent in this place.
 D = Time resting spent in this place.
 E = Time spent auto-exploring this place.
 F = Levels seen in this place.
 G = Mean time per level.
                   A        B        C        D        E       F      G
               +--------+--------+--------+--------+--------+-----+--------+
         Total |   1670 |   1621 |     49 |     24 |   1242 |   3 |  556.7 |
       Dungeon |   1670 |   1621 |     49 |     24 |   1242 |   3 |  556.7 |
               +--------+--------+--------+--------+--------+-----+--------+

Top non-repeatable levels by time:
     D:1: 672 daAuts
     D:2: 617 daAuts
     D:3: 380 daAuts
